 Dungeon Crawl Stone Soup version 0.28.0-45-g0d030f2227 (webtiles) character file.

Game seed: 16057802385730587416

9 CryoSword the Sneak (level 2, 0/13 HPs)
             Began as a Vine Stalker Enchanter on Apr 18, 2022.
             Slain by a goblin
             ... wielding a +2 dagger of distortion
              (12 damage)
             ... on level 1 of the Dungeon.
             The game lasted 00:00:31 (341 turns).

CryoSword the Sneak (Vine Stalker Enchanter)         Turns: 341, Time: 00:00:31

Health: 0/13       AC:  2    Str: 10    XL:     2   Next: 16%
Magic:  0/6        EV: 12    Int: 15    God:
Gold:   16         SH:  0    Dex: 14    Spells: 5/5 levels left

rFire   . . .      SeeInvis .   a - +1 dagger
rCold   . . .      Faith    .   (no shield)
rNeg    . . .      Spirit   +   b - +0 robe
rPois   .          Reflect  .   (no helmet)
rElec   .          Harm     .   (no cloak)
rCorr   .          Rampage  .   (no gloves)
Will    .....                   (no boots)
Stlth   ++........              (no amulet)
HPRegen 0.04/turn               (no ring)
MPRegen 0.10/turn               (no ring)

@: no status effects
A: fangs 2, magic shield, antimagic bite, no potion heal 2
a: no special abilities


You were on level 1 of the Dungeon.
You visited 1 branch of the dungeon, and saw 1 of its levels.

You collected 16 gold pieces.

Inventory:

Hand Weapons
 a - a +1 dagger (weapon)
Armour
 b - a +0 robe (worn)
Scrolls
 d - a scroll of enchant weapon {unknown}
 e - a scroll of summoning {unknown}
Potions
 c - a potion of invisibility


   Skills:
 + Level 0.2 Fighting
 * Level 1.3 Short Blades
 - Level 1.5 Dodging
 + Level 3.7 Stealth
 + Level 2.2 Spellcasting
 * Level 3.1 Hexes


You had 5 spell levels left.
You didn't know any spells.
Your spell library contained the following spells:

 Spells                   Type           Power      Damage    Failure   Level
 Ensorcelled Hibernation  Hex/Ice        12%        N/A       17%         2
 Confusing Touch          Hex            11%        N/A       19%         3
 Tukima's Dance           Hex            11%        N/A       19%         3
 Dazzling Flash           Conj/Hex       12%        N/A       34%         3


Dungeon Overview and Level Annotations

Branches:
Dungeon (1/15)

Altars:


Innate Abilities, Weirdness & Mutations

You have extremely sharp teeth.
When hurt, damage is shared between your health and your magic reserves.
Your bite disrupts and absorbs the magic of your enemies.
Potions cannot restore your health.


Message History

You hit the ball python.
You kill the ball python!
Your Short Blades skill increases to level 1!
No target in view!
No target in view!
No target in view!
No target in view!
You now have 16 gold pieces.
A ball python comes into view.
The ball python hisses angrily.
A ball python is nearby!
A ball python is nearby!
A ball python is nearby!
The ball python closely misses you. The ball python grabs you.
The ball python constricts you. The ball python misses you.
The ball python constricts you.
You don't know any spells.
Unknown command.
You escape the ball python's grasp.
The ball python barely misses you. The ball python grabs you.
The ball python constricts you. The ball python barely misses you.
The ball python constricts you.
You escape the ball python's grasp.
You closely miss the ball python. Your bite misses the ball python.
The ball python barely misses you. The ball python grabs you.
The ball python constricts you.
The ball python's grasp on you weakens, but your attempt to escape fails.
The ball python bites you but does no damage.
The ball python constricts you.
You escape the ball python's grasp.
You hit the ball python. The ball python completely misses you.
The ball python barely misses you. The ball python bites you.
The ball python grabs you. The ball python constricts you.
You escape the ball python's grasp.
You closely miss the ball python. Your bite misses the ball python.
The ball python bites you but does no damage.
The ball python grabs you. The ball python constricts you.
You escape the ball python's grasp.
You closely miss the ball python. You bite the ball python.
You kill the ball python!
You see here a ball python corpse.
A bat comes into view.
Found a stone staircase leading down.
A bat is nearby!
A bat is nearby!
A bat is nearby!
The helpless bat fails to defend itself.
You puncture the bat!
You kill the bat!
No target in view!
No target in view!
No target in view!
No target in view!
No target in view!
No target in view!
No target in view!
A goblin comes into view. It is wielding a +0 club.
A goblin is nearby!
A goblin is nearby!
A goblin is nearby!
A frilled lizard comes into view.
The frilled lizard hisses angrily.
The goblin shouts!
You hit the frilled lizard.
You kill the frilled lizard!
You closely miss the goblin. Your bite misses the goblin.
The goblin hits you but does no damage.
You hit the goblin but do no damage. The goblin barely misses you.
You closely miss the goblin. The goblin hits you with a +0 club.
You hit the goblin but do no damage. You bite the goblin.
You kill the goblin!
No target in view!
No target in view!
No target in view!
No target in view!
No target in view!
No target in view!
You see here a frilled lizard corpse.
A giant cockroach comes into view.
A giant cockroach is nearby!
A giant cockroach is nearby!
A giant cockroach is nearby!
The giant cockroach barely misses you.
You hit the giant cockroach. You bite the giant cockroach. You drain its power.
The giant cockroach barely misses you.
You hit the giant cockroach.
You kill the giant cockroach!
You have reached level 2!
You see here a giant cockroach corpse.
Found 18 stones.
You see here 18 stones.
Could not explore, unopened door.
No target in view!
You open the door.
Found a faded altar of an unknown god.
There is an open door here.
A frilled lizard comes into view.
A frilled lizard is nearby!
The helpless frilled lizard fails to defend itself.
You puncture the frilled lizard!
You kill the frilled lizard!
No target in view!
No target in view!
No target in view!
No target in view!
No target in view!
No target in view!
You see here a frilled lizard corpse.
A bat comes into view.
A bat is nearby!
A bat is nearby!
The bat hits you. The bat barely misses you.
You hit the bat. The bat closely misses you.
The bat hits you but does no damage.
You miss the bat. Your bite misses the bat.
The bat hits you but does no damage. The bat hits you.
You closely miss the bat. The bat closely misses you.
You miss the bat. You bite the bat.
You kill the bat!
No target in view!
No target in view!
No target in view!
e - a scroll labelled MOIWEDDA BIKU A ball python comes into view.
The ball python hisses angrily.
A ball python is nearby!
Found a pair of gloves.
You hit the ball python.
You kill the ball python!
No target in view!
No target in view!
No target in view!
No target in view!
No target in view!
No target in view!
No target in view!
No target in view!
No target in view!
A goblin comes into view.
It is wielding a +2 dagger of distortion.
You see here a +0 pair of gloves.
The goblin shouts!
The goblin hits you with a +2 dagger of distortion.
Space warps horribly around you!!
Ouch! That really hurt!
You die...

########
.......
.....# #
.....####
#.
.........
.. .#
.....#
#.#.####.#
...).#
#....g.#.#
.....# #
#@#.#
###†### #.
#.#.#
.....^#
#.#.#.#
##.#..#
#.[#.##
#.###.##
#.##...#
.## ##.#
#.# #...#
#.###.##
#. #...#
##.#..# #.
##.##
##.#.#
#.####.#


You could see a goblin.

Vanquished Creatures
  3 ball pythons (D:1)
  A giant cockroach (D:1)
  A goblin (D:1)
  2 bats (D:1)
  2 frilled lizards (D:1)
  A rat (D:1)
10 creatures vanquished.

Notes
Turn   | Place    | Note
-------+----------+-------------------------------------------
     0 | D:1      | CryoSword the Vine Stalker Enchanter began the quest for
                  | the Orb.
     0 | D:1      | Reached XP level 1. HP: 9/9 MP: 4/4
    32 | D:1      | Reached skill level 1 in Short Blades
   257 | D:1      | Reached XP level 2. HP: 13/13 MP: 6/6
   274 | D:1      | Found a faded altar of an unknown god.
   341 | D:1      | Slain by a goblin

Illustrated notes

Levels and vault maps discovered:
D:1:      wheals_arrival_shading, layout_loops_ring,
          shapermc_ecumenical_altar_flowoftime, serial_shops, shop_statue

Skill      XL: |  1 |
---------------+----+-----
Short Blades   | 1 |  1.3
Fighting       | |  0.2
Dodging        | |  1.5
Stealth        | |  3.7
Spellcasting   | |  2.2
Hexes          | |  3.1

Action                   || total
-------------------------++-------
Melee: Dagger            ||    21
       Bite              ||     6
 Stab: Sleeping          ||     2
Armor: Robe              ||     6
Dodge: Dodged            ||    14
